 Dungeon Crawl Stone Soup version 0.26.1-11-gd32895ea62 (webtiles) character file.

Game seed: 3292022576544828897

78719 Tirrikindir the Fencer (level 15, -8/96 HPs)
             Began as an Octopode Fighter on June 8, 2021.
             Was an Initiate of Gozag.
             Mangled by a seven-headed hydra (9 damage)
             ... on level 6 of the Lair of Beasts.
             The game lasted 01:09:25 (24932 turns).

Tirrikindir the Fencer (Octopode Fighter)          Turns: 24932, Time: 01:09:26

Health: -8/96      AC:  1    Str: 36    XL:     15   Next: 61%
Magic:  22/22      EV: 24    Int: 10    God:    Gozag
Gold:   1713       SH: 20    Dex: 21    Spells: 14/14 levels left

rFire    + . .     SeeInvis +   H - +3 scimitar (flame)
rCold    + + .     Faith    .   b - +5 kite shield
rNeg     + + +     Spirit   .   (helmet restricted)
rPois    .         Reflect  .   e - amulet "Bailomu" {Acrobat rF+ rN++ MP+9}
rElec    .         Harm     .   k - ring of flight
rCorr    +         Rampage  .   t - ring of resist corrosion
Will     +....                  A - +6 ring of dexterity
Stlth    ++++++....             K - +6 ring of strength
HPRegen  0.66/turn              O - ring "Kuyvvynn" {rN+ Dex+4 SInv}
MPRegen  0.18/turn              i - ring "Widghoriv" {rF+ rC+ Str+10 Dex-5}
                                s - ring of ice
                                E - +4 ring of slaying

@: gold aura, studying Poison Magic
A: almost no armour, stealthy swim, amphibious, 8 rings, constrict 8, camouflage
1, frail 1, low mp 1, regeneration 1, strong 1, gelatinous body 1
a: Renounce Religion, Evoke Flight, Potion Petition, Call Merchant, Bribe Branch


You were on level 6 of the Lair of Beasts.
You worshipped Gozag.
Gozag was most pleased with you.
You visited 3 branches of the dungeon, and saw 22 of its levels.
You also visited: Sewer.

You collected 7056 gold pieces.
You spent 3329 gold pieces at shops.
You paid 2014 gold pieces to Gozag.

Inventory:

Hand Weapons
 c - the +1 dagger of the Fool {speed, rF- rC+ Str+4}
   (You found it on level 8 of the Dungeon)

   Attacks with this weapon are significantly faster.
   It affects your strength (+4).
   It makes you vulnerable to fire.
   It protects you from cold.
 r - the +5 scimitar "Heonu" {holy, rF+}
   (You bought it in a shop on level 6 of the Dungeon)

   It has been blessed by the Shining One to cause great damage to the undead
   and demons.
   It protects you from fire.
 H - a +3 scimitar of flaming (weapon)
Missiles
 h - 100 poisoned darts (quivered)
Armour
 b - a +5 kite shield (worn)
Jewellery
 e - the amulet "Bailomu" (around mantle) {Acrobat rF+ rN++ MP+9}
   (You found it on level 8 of the Dungeon)

   [amulet of the acrobat]

   It helps you evade while moving and waiting.
   It protects you from fire.
   It greatly protects you from negative energy.
   It affects your magic capacity (+9).
 i - the ring "Widghoriv" (on tentacle) {rF+ rC+ Str+10 Dex-5}
   (You bought it in a shop on level 9 of the Dungeon)

   [ring of protection from cold]

   It affects your strength (+10).
   It affects your dexterity (-5).
   It protects you from fire.
   It protects you from cold.
 k - a ring of flight (left tentacle)
 s - a ring of ice (on tentacle)
 t - a ring of resist corrosion (right tentacle)
 A - a +6 ring of dexterity (on tentacle)
 C - an uncursed amulet of reflection
 E - a +4 ring of slaying (on tentacle)
 I - an uncursed ring of wizardry
 K - a +6 ring of strength (on tentacle)
 O - the ring "Kuyvvynn" (on tentacle) {rN+ Dex+4 SInv}
   (You bought it in a shop on level 9 of the Dungeon)

   [ring of positive energy]

   It affects your dexterity (+4).
   It protects you from negative energy.
   It lets you see invisible.
Wands
 l - a wand of disintegration (31)
 o - a wand of paralysis (6)
 q - a wand of flame (73)
 x - a wand of enslavement (6)
 B - a wand of acid (8)
 G - a wand of iceblast (9)
 L - a wand of digging (4)
Scrolls
 f - 5 scrolls of remove curse
 m - 10 scrolls of teleportation
 u - 4 scrolls of magic mapping
 w - 4 scrolls of fear
 y - 2 scrolls of silence
 D - a scroll of holy word
 P - 5 scrolls of identify
 Q - a scroll of brand weapon
 R - a scroll of summoning
Potions
 d - 4 potions of heal wounds
 g - 10 potions of curing
 j - 2 potions of resistance
 n - 7 potions of haste
 p - 7 potions of cancellation
 v - 2 potions of flight
 z - 5 potions of might
 F - a potion of ambrosia
 M - a potion of berserk rage
 N - a potion of invisibility
Books
 a - a manual of Poison Magic
Miscellaneous
 J - a box of beasts


   Skills:
 * Level 11.2 Fighting
 + Level 15.3 Long Blades
 - Level 2.0 Throwing
 + Level 12.4 Dodging
 + Level 11.1 Stealth
 + Level 12.4 Shields
 - Level 6.0 Evocations


You had 14 spell levels left.
You didn't know any spells.
Your spell library contained the following spells:

 Spells                   Type           Power        Failure   Level
 Corona                   Hex            0%           45%         1
 Magic Dart               Conj           0%           45%         1
 Shock                    Conj/Air       0%           45%         1
 Blink                    Tloc           N/A          61%         2
 Ensorcelled Hibernation  Hex/Ice        0%           61%         2
 Searing Ray              Conj           0%           61%         2
 Swiftness                Air            0%           61%         2
 Confusing Touch          Hex            0%           83%         3
 Dazzling Flash           Conj/Hex       0%           83%         3
 Gell's Gravitas          Tloc           0%           83%         3
 Lesser Beckoning         Tloc           0%           83%         3
 Static Discharge         Conj/Air       0%           83%         3
 Teleport Other           Tloc           0%           83%         3
 Tukima's Dance           Hex            0%           83%         3
 Airstrike                Air            0%           99%         4
 Fulminant Prism          Conj/Hex       0%           99%         4
 Iskenderun's Mystic Bla  Conj/Tloc      0%           99%         4
 Passage of Golubria      Tloc           N/A          99%         4
 Lightning Bolt           Conj/Air       0%           100%        5


Dungeon Overview and Level Annotations

Branches:
Dungeon (15/15)            Temple (1/1) D:4            Lair (6/6) D:9
 Shoals (0/4) Lair:4       Spider (0/4) Lair:3        Slime (0/5) Lair:6
    Orc (0/2) D:12         Vaults (0/5) D:14         Depths (0/5) D:15
  Sewer (visited)

Altars:
Ashenzari
Cheibriados
Dithmenos
Elyvilon
Fedhas
Gozag
Hepliaklqana
Kikubaaqudgha
Makhleb
Nemelex Xobeh
Okawaru
Qazlal
Ru
Sif Muna
Trog
Uskayaw
Vehumet
Wu Jian
Xom
Yredelemnul
Zin
The Shining One
Beogh
Jiyva

Shops:
D:6 (   D:7 =   D:9 ==

Portals:
Trove: D:15 (give +7 demon blade)

Annotations:
D:12 2 transporters, Duder's ghost, journeyman MiBe


Innate Abilities, Weirdness & Mutations

You cannot wear most types of armour.
You are very stealthy in the water. (Stealth+)
You are amphibious.
You can wear up to eight rings at the same time.
You can use your tentacles to constrict eight enemies at once.
Your skin changes colour to match your surroundings (Stealth+).
Your rubbery body absorbs attacks. (AC +1, EV +1)
You are frail. (-10% HP)
Your magical capacity is low. (-10% MP)
Your natural rate of healing is unusually fast.
Your muscles are strong. (Str +2)


Message History

The eight-headed hydra closely misses you.
The eight-headed hydra bites you. The boulder beetle closely misses you.
You hit the dream sheep. You burn the dream sheep. You squeeze the dream sheep.
You kill the dream sheep!
You slice one of the eight-headed hydra's heads off!
The flame cauterises the wound!
You slash the seven-headed hydra! You burn the seven-headed hydra.
Your squeeze misses the seven-headed hydra.
The seven-headed hydra is lightly wounded.
You block the boulder beetle's attack.
You block the seven-headed hydra's attack.
The seven-headed hydra closely misses you.
The seven-headed hydra bites you!
* * * LOW HITPOINT WARNING * * *
You block the seven-headed hydra's attack.
The seven-headed hydra bites you!!
* * * LOW HITPOINT WARNING * * *
The seven-headed hydra misses you. The seven-headed hydra bites you!
You die...
Your body crumbles into a pile of gold.

#........+.^......#
##.........#.#......#
###...........##....#.#
###............#.....##...
#...................... ..
..............##########
....#####.....#####.○.(#
...#######....##.B#...###
...##...##....##@$.####P##
...##.>.##....###D..#....#
...'._..##..#.#..#.#.....#.##
...#######.#..#.D##......#..#
...## #.##.#..#..≈##..#.#
....#####..#..#(##..###....##
..........##..## #..# #..#..#
.....#.....#..# #..###.....#
....###...##..## #..##≈..#..#


You could see a boulder beetle and a seven-headed hydra.

Vanquished Creatures
  The ghost of Ypehuijo the Spear-Bearer, a journeyman OpFi of Gozag (Lair:5)
  Harold (Lair:2)
  6 boulder beetles
  7 hydras
  4 centaur warriors
  The ghost of mankey1987 the Nimble, a novice OgBe of Trog (D:8)
  A death knight (D:11)
  Erica (Lair:1)
  7 two-headed ogres
  A tengu warrior (D:14)
  The ghost of bigdumb the Basher, a novice MiFi of the Shining One (D:11)
  2 skeletal warriors (D:15)
  A flayed ghost (D:15)
  An obsidian statue (D:11)
  A phantasmal warrior (D:11)
  A lindwurm (Lair:6)
  An orb spider (Lair:3)
  A necromancer (D:15)
  A deep elf mage (D:9)
  3 oklob plants (Lair:2)
  A stone giant zombie (D:15)
  A wolf spider (Lair:3)
  10 ugly things
  2 manticores (D:13)
  5 cyclopes
  A spriggan zombie (D:15)
  5 black mambas
  A guardian serpent (shapeshifter) (D:8)
  A frost giant skeleton (D:15)
  7 cane toads
  A torpor snail (Lair:6)
  A cane toad (shapeshifter) (D:14)
  A yaktaur zombie (D:15)
  11 komodo dragons
  A kobold demonologist (D:12)
  2 rime drakes
  2 freezing wraiths (D:11)
  6 trolls
  A merfolk (shapeshifter) (D:14)
  A queen bee (shapeshifter) (D:8)
  3 hornets
  3 polar bears
  A hornet (shapeshifter) (D:8)
  13 blink frogs
  9 slime creatures (D:12)
  6 dream sheep (Lair:6)
  A snapping turtle (Lair:4)
  4 water elementals (D:15)
  A vampire (D:9)
  A shadow (D:15)
  2 wraiths
  71 yaks
  5 wyverns
  2 humans (D:9)
  8 vampire mosquitoes
  A basilisk (Lair:4)
  A neqoxec (D:8)
  A soldier ant (shapeshifter) (D:14)
  2 acid dragons
  An acid dragon (shapeshifter) (D:8)
  A soldier ant (D:13)
  14 water moccasins
  4 sky beasts
  4 black bears
  A hornet zombie (D:11)
  8 orc warriors
  5 ice beasts
  3 phantoms
  5 ogres
  22 centaurs
  6 wolves
  3 big kobolds (D:9)
  23 bullfrogs
  A gnoll sergeant (D:11)
  A wyvern zombie (D:8)
  5 scorpions
  A killer bee (D:8)
  4 wights
  5 electric eels
  3 howler monkeys (D:11)
  2 jellies
  2 centaur zombies
  A lava snake (D:11)
  19 orc priests
  A quasit (D:7)
  11 hounds
  Crazy Yiuf (D:3)
  2 bullfrog skeletons
  6 centaur skeletons
  30 orc wizards
  Jessica (D:2)
  8 iguanas
  Terence (D:3)
  12 worker ants
  Ijyb (D:4)
  A hound zombie (D:7)
  A hound skeleton (D:8)
  Robin (D:2)
  A worker ant zombie (D:11)
  24 adders
  3 gnolls (D:5)
  2 shadow imps
  5 white imps
  2 ufetubi
  An ooze (D:5)
  An adder zombie (D:8)
  4 worms
  3 dart slugs
  8 leopard geckos
  81 orcs
  11 giant cockroaches
  17 goblins
  6 hobgoblins
  4 jackals (D:1)
  7 quokkas
  4 ball pythons
  A ball python skeleton (D:4)
  6 bats
  7 frilled lizards
  21 kobolds
  2 quokka skeletons
  8 rats
689 creatures vanquished.

Vanquished Creatures (others)
  22 fungi
  100 plants
  3 withered plants (D:15)
125 creatures vanquished.

Grand Total: 814 creatures vanquished

Notes
Turn   | Place    | Note
-------+----------+-------------------------------------------
     0 | D:1      | Tirrikindir the Octopode Fighter began the quest for the
                  | Orb.
     0 | D:1      | Reached XP level 1. HP: 16/16 MP: 1/1
    32 | D:1      | Reached XP level 2. HP: 14/21 MP: 2/2
   309 | D:1      | Reached skill level 1 in Stealth
   379 | D:1      | Reached XP level 3. HP: 24/26 MP: 3/3
  1141 | D:2      | Reached XP level 4. HP: 31/31 MP: 4/4
  1146 | D:2      | Noticed Jessica
  1152 | D:2      | Killed Jessica
  1153 | D:2      | Reached skill level 3 in Long Blades
  1175 | D:2      | Noticed Robin
  1180 | D:2      | Killed Robin
  1186 | D:2      | Reached XP level 5. HP: 11/36 MP: 5/5
  1579 | D:2      | Found a hazy altar of Hepliaklqana.
  1579 | D:2      | Found a faded altar of an unknown god.
  1584 | D:2      | Found a faded altar of an unknown god.
  1586 | D:2      | Found an ancient bone altar of Kikubaaqudgha.
  1587 | D:2      | Found a sparkling altar of Nemelex Xobeh.
  2147 | D:3      | Found a glowing golden altar of the Shining One.
  2384 | D:3      | Found a runed translucent door.
  2385 | D:3      | Noticed Crazy Yiuf
  2394 | D:3      | Killed Crazy Yiuf
  3024 | D:3      | Noticed Terence
  3033 | D:3      | Killed Terence
  3165 | D:3      | Reached XP level 6. HP: 43/43 MP: 6/6
  3202 | D:3      | Reached skill level 4 in Long Blades
  3594 | D:4      | Reached XP level 7. HP: 5/48 MP: 7/7
  3911 | D:4      | Reached skill level 5 in Long Blades
  4040 | D:4      | Noticed Ijyb
  4044 | D:4      | Killed Ijyb
  4152 | D:4      | Found a staircase to the Ecumenical Temple.
  4161 | Temple   | Entered the Ecumenical Temple
  4303 | Temple   | Became a worshipper of Gozag Ym Sagoz the Greedy
  4425 | D:4      | Reached skill level 1 in Evocations
  4738 | D:4      | Reached skill level 6 in Long Blades
  5265 | D:5      | Entered Level 5 of the Dungeon
  5277 | D:5      | Found a glowing drain.
  5293 | D:5      | Reached XP level 8. HP: 37/54 MP: 8/8
  5303 | D:5      | Reached skill level 7 in Long Blades
  5343 | Sewer    | Entered a sewer
  5846 | D:5      | Reached skill level 8 in Long Blades
  6508 | D:5      | Found a basalt altar of Yredelemnul.
  6508 | D:5      | Found a broken altar of Ashenzari.
  6508 | D:5      | Found a white marble altar of Elyvilon.
  6726 | D:5      | Reached XP level 9. HP: 43/59 MP: 9/9
  7021 | D:6      | Found an ornate altar of the Wu Jian Council.
  7103 | D:6      | Reached skill level 5 in Stealth
  7152 | D:6      | Reached skill level 5 in Dodging
  7161 | D:6      | Reached skill level 5 in Shields
  7511 | D:6      | Bought a smoking scimitar for 297 gold pieces
  7511 | D:6      | Identified the +5 scimitar "Heonu" {holy, rF+} (You bought
                  | it in a shop on level 6 of the Dungeon)
  7522 | D:7      | Found Newn's Jewellery Emporium.
  7679 | D:7      | Found a radiant altar of Vehumet.
  7699 | D:7      | Identified a scroll of acquirement
  7699 | D:7      | Acquired a manual of Poison Magic
  8506 | D:8      | Noticed a two-headed ogre
  8771 | D:8      | Noticed a boulder beetle
  8801 | D:8      | Reached skill level 9 in Long Blades
  8822 | D:8      | Reached skill level 5 in Fighting
  8845 | D:8      | Killed a boulder beetle
  8846 | D:8      | Reached XP level 10. HP: 17/66 MP: 10/10
  9212 | D:8      | Killed a two-headed ogre
  9412 | D:8      | Gained mutation: Your magical capacity is low. (-10% MP)
                  | [potion of mutation]
  9412 | D:8      | Gained mutation: Your natural rate of healing is unusually
                  | fast. [potion of mutation]
  9412 | D:8      | Gained mutation: You are frail. (-10% HP) [potion of
                  | mutation]
  9412 | D:8      | Gained mutation: Your muscles are strong. (Str +2) [potion
                  | of mutation]
  9445 | D:8      | Got a brightly glowing dagger
  9446 | D:8      | Identified the +1 dagger of the Fool {speed, rF- rC+ Str+4}
                  | (You found it on level 8 of the Dungeon)
  9514 | D:8      | Got a slimy garnet amulet
  9522 | D:8      | Identified the amulet "Bailomu" {Acrobat rF+ rN++ MP+9}
                  | (You found it on level 8 of the Dungeon)
  9720 | D:8      | Found a runed translucent gate.
  9720 | D:8      | Found a runed translucent gate.
  9721 | D:8      | Found a runed translucent gate.
  9722 | D:8      | Noticed a green ugly thing
  9722 | D:8      | Noticed a white ugly thing
  9724 | D:8      | Noticed a purple ugly thing
  9876 | D:7      | Bought a cursed ring of ice for 264 gold pieces
  9986 | D:9      | Found an iron altar of Okawaru.
 10214 | D:9      | Noticed a deep elf mage
 10222 | D:9      | Killed a deep elf mage
 10255 | D:9      | Noticed a centaur warrior
 10278 | D:9      | Reached skill level 10 in Long Blades
 10318 | D:9      | Reached skill level 5 in Evocations
 10349 | D:9      | Noticed a cyclops
 10350 | D:9      | Noticed a cyclops
 10509 | D:9      | Found a staircase to the Lair.
 10529 | D:9      | Reached XP level 11. HP: 64/64 MP: 9/9
 10732 | D:9      | Killed a centaur warrior
 10940 | D:9      | Killed a cyclops
 10947 | D:9      | Killed a cyclops
 11277 | D:7      | Bought a +6 ring of dexterity for 702 gold pieces
 11357 | D:10     | Entered Level 10 of the Dungeon
 11700 | D:10     | Found a blossoming altar of Fedhas.
 12394 | D:11     | Noticed a death knight
 12394 | D:11     | Noticed a phantasmal warrior
 12412 | D:11     | Killed a death knight
 12419 | D:11     | Killed a phantasmal warrior
 12498 | D:11     | Reached skill level 11 in Long Blades
 12509 | D:11     | Found a stormy altar of Qazlal.
 12559 | D:11     | Reached XP level 12. HP: 63/72 MP: 10/10
 13162 | D:11     | Found a runed translucent gate.
 13163 | D:11     | Found a runed translucent gate.
 13163 | D:11     | Found a runed translucent gate.
 13163 | D:11     | Found an opulent altar of Gozag.
 13164 | D:11     | Noticed bigdumb's ghost (novice MiFi)
 13326 | D:12     | Found a transporter.
 13333 | D:12     | Identified the +7 dire flail "Onaobl Ohoel" {vorpal, rF+}
 13336 | D:12     | Found a bloodstained altar of Trog.
 13346 | D:12     | Found a transporter.
 13347 | D:12     | Identified the +6 morningstar of Xumeshry {antimagic,
                  | Str+7}
 13347 | D:12     | Noticed a tengu warrior
 13347 | D:12     | Noticed Duder's ghost (journeyman MiBe)
 13357 | D:12     | Noticed a two-headed ogre
 13480 | D:12     | Noticed a two-headed ogre
 13491 | D:12     | Killed a two-headed ogre
 13696 | D:12     | Noticed a boulder beetle
 13716 | D:12     | Killed a boulder beetle
 14154 | D:12     | Noticed a centaur warrior
 14162 | D:12     | Killed a centaur warrior
 14199 | D:12     | Noticed a six-headed hydra
 14212 | D:12     | Killed a six-headed hydra
 14287 | D:12     | Reached skill level 10 in Dodging
 14293 | D:12     | Noticed a four-headed hydra
 14307 | D:12     | Killed a four-headed hydra
 14308 | D:12     | Reached skill level 10 in Shields
 14387 | D:12     | Found a staircase to the Orcish Mines.
 14455 | D:12     | Reached skill level 10 in Stealth
 14570 | D:12     | Reached skill level 12 in Long Blades
 14570 | D:12     | Reached XP level 13. HP: 46/79 MP: 11/11
 14731 | D:12     | Found a roughly hewn altar of Beogh.
 15135 | Lair:1   | Entered Level 1 of the Lair of Beasts
 15242 | Lair:1   | Noticed Erica
 15260 | Lair:1   | Killed Erica
 16018 | D:9      | Bought a +6 ring of strength for 760 gold pieces
 16215 | Lair:2   | Noticed Harold
 16226 | Lair:2   | Killed Harold
 17722 | Lair:3   | Reached skill level 13 in Long Blades
 17930 | Lair:3   | Found a hole to the Spider Nest.
 18045 | Lair:3   | Reached XP level 14. HP: 85/85 MP: 12/12
 18717 | D:9      | Bought the ring "Kuyvvynn" {rN+ Dex+4 SInv} for 514 gold
                  | pieces
 19124 | Lair:4   | Found a staircase to the Shoals.
 20126 | Lair:5   | Found a runed translucent door.
 20129 | Lair:5   | Noticed Ypehuijo's ghost (journeyman OpFi)
 20140 | Lair:5   | Killed Ypehuijo's ghost
 20957 | D:8      | Found a runed translucent gate.
 20957 | D:8      | Found a runed translucent gate.
 20961 | D:8      | Found a runed translucent gate.
 20961 | D:8      | Noticed mankey1987's ghost (novice OgBe)
 20981 | D:8      | Reached skill level 14 in Long Blades
 20992 | D:8      | Killed mankey1987's ghost
 21118 | D:9      | Bought the ring "Widghoriv" {rF+ rC+ Str+10 Dex-5} for 792
                  | gold pieces
 21674 | D:13     | Reached skill level 10 in Fighting
 22393 | D:14     | Reached skill level 15 in Long Blades
 22586 | D:14     | Reached skill level 1 in Throwing
 22586 | D:14     | Reached XP level 15. HP: 92/92 MP: 13/13
 22655 | D:14     | Found a gate to the Vaults.
 23059 | D:15     | Entered Level 15 of the Dungeon
 23320 | D:15     | Found a staircase to the Depths.
 23519 | D:15     | Found a portal to a secret trove of treasure.
 23860 | D:11     | Killed bigdumb's ghost
 24239 | Lair:6   | Entered Level 6 of the Lair of Beasts
 24255 | Lair:6   | Found a viscous altar of Jiyva.
 24255 | Lair:6   | Found a staircase to the Slime Pits.
 24932 | Lair:6   | HP: 1/96 [seven-headed hydra (18)]
 24932 | Lair:6   | Mangled by a seven-headed hydra

Illustrated notes

Levels and vault maps discovered:
D:1:      dpeg_arrival_arbitrary_c, layout_rooms, roderic_serpentine_path
D:2:      layout_basic, chequers_temple_overflow_minitemple, hex_medium,
          uniq_jessica, uniq_robin
D:3:      layout_loops_corners, st_stairs_8, nicolae_tso_carved_into_rock,
          uniq_crazy_yiuf_cottage, uniq_terence
D:4:      layout_cave_pools, minmay_temple_entry_antechambers, uniq_ijyb
D:5:      layout_rooms, gammafunk_temple_overflow_claw,
          cheibrodos_sewer_entry_drain
D:6:      layout_rooms, kennysheep_mini_moat
D:7:      layout_basic, vehumet_altar_wand_db, serial_shops, shop,
          serial_curves, eino_curves_01, eino_curves_02, eino_curves_04,
          eino_curves_02, abandoned_shop, grunt_ministairs_15,
          minmay_misc_feat_four_crosses
D:8:      cheibrodos_fzero, layout_rooms,
          ploomutoo_gammafunk_ghost_potion_laboratory
D:9:      kennysheep_windowed_halls, layout_basic, david_lair_shrubbed,
          serial_glass, glass_columns_a, glass_columns_a, glass_columns_c,
          glass_columns_c, glass_columns_a, okawaru_humans
D:10:     layout_roguey, fedhas_altar_1
D:11:     layout_loops_ring, ebering_ghost_gozag, basic_altar,
          mumra_transporter_accident, kennysheep_opposing_triangles
D:12:     layout_stronghold, minmay_orc_entry_temple_small,
          gammafunk_ghost_wrathful_warriors
D:13:     layout_gridville
D:14:     layout_cave_pools, david_vaults_2, serial_co_window_serial,
          co_window_paths_a, co_window_paths_b, co_window_paths_b,
          co_window_of_opportunity_a, co_window_corner_a, co_window_paths_c,
          co_window_2corner, co_window_2corner, co_window_4corner_b,
          glass_columns_b
D:15:     gammafunk_depths_entry_grave, layout_basic,
          nicolae_trove_entry_free_sample
Temple:   dpeg_chambers_temple
Lair:1:   layout_loops_ring, uniq_erica
Lair:2:   layout_chaotic_city, serial_bayou_lagoon_b, serial_bayou_shore_b,
          grunt_megastairs_5, minmay_lair_oklob_chamber, uniq_harold
Lair:3:   minmay_lair_venomous_thicket, layout_layer_cave,
          nicolae_spider_entry_orb_guardian
Lair:4:   layout_roguey, minmay_shoals_entry_hut, minivault_24,
          grunt_forest_large_clearing_hut
Lair:5:   layout_hall_layers, ebering_ghost_reflecting_pool,
          columned_hall_lemuel, serial_bayou_pond_d
Lair:6:   cheibrodos_lair_end_hotspot, layout_regular_city,
          dpeg_slime_entry_enclosed_altar, hangedman_lair_generics_rect

Skill      XL: |  1  2  3  4  5  6  7  8  9 10 11 12 13 14 15 |
---------------+----------------------------------------------+-----
Stealth        | 1 2 3 4 6 7 8 10 11 | 11.1
Long Blades    | 3 4 6 8 9 10 11 12 13 15 | 15.3
Dodging        | 4 6 7 8 10 11 12 | 12.4
Fighting       | 4 5 6 7 8 10 11 | 11.2
Shields        | 4 6 7 8 10 11 12 | 12.4
Evocations     | 2 4 5 6 |  6.0
Throwing       | 1 2 |  2.0

Action                   |  1- 3 |  4- 6 |  7- 9 | 10-12 | 13-15 || total
-------------------------+-------+-------+-------+-------+-------++-------
Melee: Long sword        |    44 |   116 |   235 |       |       ||   395
       Constrict         |    13 |    43 |    72 |    97 |   133 ||   358
       Tentacles         |     6 |    30 |    86 |   171 |   350 ||   643
       Scimitar          |       |       |   106 |   498 |   828 ||  1432
       Dagger            |       |       |       |    11 |       ||    11
Throw: Dart              |       |       |    20 |    14 |    24 ||    58
Invok: Call Merchant     |       |       |     1 |       |     2 ||     3
 Abil: Stop Flying       |       |       |       |       |     1 ||     1
       Evoke Flight      |       |       |       |       |     1 ||     1
Evoke: Wand              |       |       |     2 |     8 |     1 ||    11
  Use: Scroll            |     8 |     3 |     9 |    12 |     8 ||    40
       Potion            |       |       |    10 |     5 |     3 ||    18
 Stab: Sleeping          |     7 |    12 |    13 |    36 |    40 ||   108
       Distracted        |       |       |     2 |     5 |     6 ||    13
       Invisible         |       |       |     5 |       |       ||     5
Armor: Skin              |     3 |     2 |     7 |     3 |     4 ||    19
Dodge: Dodged            |    23 |    37 |    92 |   160 |   268 ||   580
Block: Kite shield       |    25 |    54 |   158 |   245 |   510 ||   992
       Rpst.: Long sword |     6 |    15 |    15 |       |       ||    36
       Scimitar          |       |       |    12 |    38 |    70 ||   120
